 Dungeon Crawl Stone Soup version 0.22-a0-3-g4fa69d9a97 (webtiles) character file.

0 Manul the Ducker (level 1, -10/11 HPs)
             Began as a Spriggan Abyssal Knight on Jan 1, 2018.
             Was a Follower of Lugonu.
             Mangled by a thrashing horror (13 damage)
             ... on level 2 of the Abyss.
             The game lasted 00:00:53 (199 turns).

Manul the Ducker (Spriggan Abyssal Knight)           Turns: 199, Time: 00:00:54

Health: -10/11     AC:  2    Str:  8    XL:     1   Next: 0%
Magic:  3/3        EV: 18    Int: 13    God:    Lugonu [*.....]
Gold:   13         SH:  0    Dex: 15    Spells: 0/0 levels left

rFire    + . .     SeeInvis +   e - +1 long sword of Ludanusi {protect, *Slow rF+ MR+} (curse)
rCold    . . .     Gourm    .   (shield restricted)
rNeg     . . .     Faith    .   b - +0 robe
rPois    .         Spirit   .   (helmet restricted)
rElec    .         Reflect  .   (no cloak)
rCorr    .         Harm     .   (gloves unavailable)
MR       +....                  (boots unavailable)
Stlth    +.........             (no amulet)
HPRegen  0.03/turn              (no ring)
MPRegen  0.08/turn              (no ring)

@: very quick
A: very small, unfitting armour, see invisible, herbivore, speed 3, slow
metabolism 2
a: Depart the Abyss, Renounce Religion


You were on level 2 of the Abyss.
You worshipped Lugonu.
Lugonu was aware of your devotion.
You were not hungry.

You visited 0 branches of the dungeon, and saw 0 of its levels.
You visited the Abyss 1 time.

You collected 13 gold pieces.

Inventory:

Hand Weapons
 a - a +1 short sword
 e - the cursed +1 long sword of Ludanusi (weapon) {protect, *Slow rF+ MR+}
   (You found it on level 2 of the Abyss)

   It protects the one who uses it against injury (+AC on strike).
   It protects you from fire.
   It affects your resistance to hostile enchantments.
   It may slow you when you take damage.
   It has a curse placed upon it.
Armour
 b - a +0 robe (worn)
Potions
 d - a potion of heal wounds {unknown}
Comestibles
 c - a ration


   Skills:
 + Level 2.4 Fighting
 + Level 2.1 Short Blades
 + Level 3.5 Dodging
 + Level 1.7 Invocations


You couldn't memorise any spells.
You didn't know any spells.

Dungeon Overview and Level Annotations

Branches:
Dungeon (0/15)

Altars:


Innate Abilities, Weirdness & Mutations

You are very small and have problems with some larger weapons.
You are too small for most types of armour.
You have supernaturally acute eyesight. (SInv)
You are a herbivore.
You cover ground extremely quickly.
You need consume almost no food.


Message History

It sticks to your hand!
e - the cursed +1 long sword of Ludanusi (weapon)
{protect, *Slow rF+ MR+}
Found a gateway leading out of the Abyss.
You see here 29 stones.
A thrashing horror comes into view.
The thrashing horror roars!
There is a gateway leading out of the Abyss here.
The thrashing horror misses you. The thrashing horror tramples you!
Ouch! That really hurt!
* * * LOW HITPOINT WARNING * * *
You stumble backwards!
You stop descending the stairs.
Found a dented jade amulet.
The thrashing horror roars!
The thrashing horror closely misses you.
The thrashing horror misses you.
The thrashing horror roars!
Found a gateway leading out of the Abyss.
The thrashing horror tramples you!
Ouch! That really hurt!
You die...

... .. .(.. ..... .. #..
#..##..##..# ..# .. #
.##.. #..##..##..##.. .
....................
....§§.............∩ #
.##..##..##..##..# #
#..##..##..##..##..##..#
.........∩..............
..........X....X@.......
#..##..##..##..##".##..#
#. ##..##..##..# ..#
.....................
..................... .
##..##..##..##..##..# ..
.. #..##..# ..# ..# ..
... ... ..


You could see a thrashing horror and a large abomination.

Vanquished Creatures (others)
  4 starspawn tentacles (Abyss:1)
4 creatures vanquished.

Notes
Turn   | Place    | Note
-------+----------+-------------------------------------------
     0 | Abyss:1  | Manul the Spriggan Abyssal Knight began the quest for the Orb.
     0 | Abyss:1  | Reached XP level 1. HP: 11/11 MP: 3/3
    40 | Abyss:1  | Noticed a tentacled starspawn
    65 | Abyss:1  | Noticed a large abomination
    84 | Abyss:1  | Noticed a small abomination
    98 | Abyss:1  | Noticed a rakshasa
   106 | Abyss:1  | Noticed a tentacled starspawn
   140 | Abyss:2  | Found a corrupted altar of Lugonu.
   158 | Abyss:2  | Noticed an eight-headed hydra skeleton
   169 | Abyss:2  | Got a transparent long sword
   170 | Abyss:2  | Identified the cursed +1 long sword of Ludanusi {protect, *Slow rF+ MR+} (You found it on level 2 of the Abyss)
   186 | Abyss:2  | Noticed a thrashing horror
   188 | Abyss:2  | Noticed a large abomination
   199 | Abyss:2  | Mangled by a thrashing horror

Vault maps used:

Action                   || total
-------------------------++-------
  Use: Scroll            ||     1
Dodge: Dodged            ||     5

Table legend:
 A = Spawn XP
 B = Non-spawn XP
 C = Spawn XP percentage of total XP
 D = Spawn monster count
 E = Non-spawn monster count
 F = Spawn count percentage of total count
 G = Total turns spent on level
                    A         B        C        D         E        F      G
               +---------+---------+-------+---------+---------+-------+---------
         Total |       0 |       0 |   N/A |       0 |       0 |   N/A |   199
               +---------+---------+-------+---------+---------+-------+---------
               +---------+---------+-------+---------+---------+-------+---------
